 Dungeon Sprint DCSS version 0.28.0-53-g5a82cb258f (webtiles) character file.

Game seed: 5750418494882034743

7723 Zeld the Severer (level 11, -4/181 HPs)
             Began as a Minotaur Berserker on June 5, 2022.
             Was a High Priest of Trog.
             Slain by a five-headed hydra (5 damage)
             ... in the Dungeon (Sprint III: "The Ten Rune Challenge").
             The game lasted 00:03:01 (3446 turns).

Zeld the Severer (Minotaur Berserker)               Turns: 3446, Time: 00:03:02

Health: -4/181     AC:  4    Str: 26    XL:     11   Next: 0%
Magic:  10/10      EV: 16    Int:  4    God:    Trog [*****.]
Gold:   25         SH:  0    Dex: 10    Spells: 10/10 levels left

rFire   . . .      SeeInvis .   a - +5 hand axe (flame)
rCold   . . .      Faith    .   (no shield)
rNeg    . . .      Spirit   .   b - +0 animal skin
rPois   .          Reflect  .   (helmet restricted)
rElec   .          Harm     .   (no cloak)
rCorr   .          Rampage  .   (no gloves)
Will    .....      NoTele   +   j - +0 pair of boots
Stlth   ..........              (no amulet)
HPRegen 0.40/turn               (no ring)
MPRegen 0.12/turn               (no ring)

@: berserking, slow
A: horns 2, retaliatory headbutt
a: Renounce Religion, Berserk, Trog's Hand, Brothers in Arms


You were in the Dungeon.
You worshipped Trog.
Trog was extremely pleased with you.
You visited 1 branch You collected 25 gold pieces.

Inventory:

Hand Weapons
 a - a +5 hand axe of flaming (weapon)
 c - a +4 battleaxe
Armour
 b - a +0 animal skin (worn)
 j - a +0 pair of boots (worn)
Wands
 q - a wand of paralysis (6)
 r - a wand of iceblast (5)
Scrolls
 h - a scroll of blinking
 k - a scroll of torment {unknown}
 l - 4 scrolls of identify
 n - a scroll of holy word {unknown}
Potions
 d - 2 potions of heal wounds
 e - a potion of haste
 f - 2 potions of magic
 g - a potion of berserk rage
 i - 4 potions of flight {unknown}
 m - a potion of cancellation {unknown}
 o - 2 potions of ambrosia {unknown}
 p - 4 potions of mutation
Miscellaneous
 s - a condenser vane


   Skills:
 * Level 18.5 Fighting
 * Level 18.5 Axes
 + Level 13.3 Armour
 + Level 12.3 Dodging


You had 10 spell levels left.
You didn't know any spells.
Your spell library was empty.

Dungeon Overview and Level Annotations

Branches:
Dungeon (1/1)

Altars:
Cheibriados
Dithmenos
Elyvilon
Fedhas
Gozag
Hepliaklqana
Kikubaaqudgha
Makhleb
Nemelex Xobeh
Okawaru
Qazlal
Ru
Sif Muna
Trog
Uskayaw
Vehumet
Wu Jian
Xom
Yredelemnul
Zin
The Shining One
Beogh
Jiyva
Lugonu


Innate Abilities, Weirdness & Mutations

You have a pair of horns on your head.
You reflexively headbutt those who attack you in melee.


Message History

You completely miss the five-headed hydra.
The five-headed hydra is moderately wounded.
You lop one of the seven-headed hydra's heads off!
The flame cauterises the wound!
You slash the six-headed hydra! You burn the six-headed hydra.
The five-headed hydra bites you.
The five-headed hydra completely misses you.
The five-headed hydra bites you!
* * * LOW HITPOINT WARNING * * *
The five-headed hydra bites you!
* * * LOW HITPOINT WARNING * * *
The five-headed hydra barely misses you.
Unknown command.
Your unstable footing causes you to fumble your attack.
The six-headed hydra closely misses you.
The six-headed hydra bites you but does no damage.
The six-headed hydra bites you!
* * * LOW HITPOINT WARNING * * *
The six-headed hydra bites you!
* * * LOW HITPOINT WARNING * * *
The six-headed hydra bites you!
* * * LOW HITPOINT WARNING * * *
The six-headed hydra bites you but does no damage.
Unknown command.
You slice one of the five-headed hydra's heads off!
The flame cauterises the wound!
You slice the four-headed hydra!! You burn the four-headed hydra.
You headbutt the four-headed hydra!!
You kill the four-headed hydra!
Trog accepts your kill.
You chop one of the six-headed hydra's heads off!
The flame cauterises the wound!
You slash the five-headed hydra! You burn the five-headed hydra.
You have reached level 11!
Unknown command.
Your unstable footing causes you to fumble your attack.
The five-headed hydra bites you but does no damage.
The five-headed hydra bites you.
* * * LOW HITPOINT WARNING * * *
The five-headed hydra barely misses you. x2
The five-headed hydra bites you.
You die...

▓▓▓▓▓▓▓▓▓▓▓▓▓▓▓▓▓▓▓▓▓▓▓▓▓▓#..^...
.....♣♣♣♣≈≈≈........≈≈≈...#...^..
.≈≈≈≈'♣♣'♣≈≈≈≈≈≈≈≈≈≈≈≈♣♣..'......
....÷#.≈♣♣♣♣♣♣♣♣♣♣♣♣♣♣♣♣..#......
♣♣♣♣♣#..♣♣ ♣♣♣##+####
###†♣♣♣♣♣♣♣♣♣♣♣♣♣♣♣
♣♣♣♣.##..##≈≈≈≈≈≈..#
♣...##.##.#≈≈D≈≈...#
♣♣.##.##.##'@≈≈≈°#
♣..#†##.).#≈≈.°°°○○
♣♣.##)##..#≈..+####
♣♣†##.#####...# ♣.....# ....#
####### #####


You could see a five-headed hydra.

Vanquished Creatures
  A hydra (D)
  Erolcha (D)
  Urug (D)
  A lindwurm (D)
  A deep elf pyromancer (D)
  2 cane toads (D)
  A rime drake (D)
  A komodo dragon (D)
  2 tyrant leeches (D)
  5 blink frogs (D)
  A shadow (D)
  4 redbacks (D)
  A spatial vortex (D)
  A swamp drake (D)
  A necrophage (D)
  5 two-headed ogres (D)
  A water elemental (D)
  An electric eel (D)
  A jelly (D)
  A wizard (D)
  Jessica (D)
  A necromancer (D)
  3 humans (D)
  A kobold demonologist (D)
  3 wandering mushrooms (D)
  A phantom (D)
  2 rats (D)
  A ballistomycete spore (D)
46 creatures vanquished.

Vanquished Creatures (collateral kills)
  A redback (D)
1 creature vanquished.

Vanquished Creatures (others)
  2 plants (D)
2 creatures vanquished.

Grand Total: 49 creatures vanquished

Notes
Turn   | Place    | Note
-------+----------+-------------------------------------------
     0 | D        | Zeld the Minotaur Berserker began the quest for the Orb.
     0 | D        | Reached XP level 1. HP: 19/19 MP: 0/0
    35 | D        | Noticed Jessica
    41 | D        | Killed Jessica
    41 | D        | Reached ** piety under Trog
    42 | D        | Reached skill level 5 in Fighting
    42 | D        | Reached skill level 5 in Axes
    42 | D        | Reached XP level 2. HP: 29/29 MP: 1/1
   152 | D        | Reached XP level 3. HP: 36/36 MP: 2/2
   395 | D        | Noticed a water elemental
   399 | D        | Killed a water elemental
   400 | D        | Reached XP level 4. HP: 43/47 MP: 3/3
   513 | D        | Found a radiant altar of Vehumet.
   513 | D        | Found a shimmering blue altar of Sif Muna.
   513 | D        | Found an ancient bone altar of Kikubaaqudgha.
   513 | D        | Noticed a wizard
   520 | D        | Killed a wizard
   520 | D        | Reached *** piety under Trog
   521 | D        | Reached skill level 5 in Armour
   524 | D        | Reached skill level 5 in Dodging
   524 | D        | Reached XP level 5. HP: 42/53 MP: 4/4
   590 | D        | Found a hide-covered altar of Uskayaw.
   590 | D        | Found an iron altar of Okawaru.
   590 | D        | Found a bloodstained altar of Trog.
   590 | D        | Found an ornate altar of the Wu Jian Council.
   590 | D        | Noticed a human
   591 | D        | Noticed a human
   597 | D        | Killed a human
   598 | D        | Reached XP level 6. HP: 64/64 MP: 5/5
   605 | D        | Killed a human
   605 | D        | Reached **** piety under Trog
   606 | D        | Reached skill level 10 in Fighting
   606 | D        | Reached skill level 10 in Axes
   722 | D        | Found a basalt altar of Yredelemnul.
   722 | D        | Found a shadowy altar of Dithmenos.
   722 | D        | Found a sacrificial altar of Ru.
   727 | D        | Reached XP level 7. HP: 39/74 MP: 6/6
   987 | D        | Found a glowing silver altar of Zin.
   987 | D        | Found a glowing golden altar of the Shining One.
   987 | D        | Found a white marble altar of Elyvilon.
   988 | D        | Noticed a deep elf pyromancer
   989 | D        | Noticed a fire elemental
   989 | D        | Noticed a fire elemental
   992 | D        | Noticed a fire elemental
   992 | D        | Noticed a fire elemental
   992 | D        | Killed a deep elf pyromancer
  1060 | D        | Noticed a shadow
  1065 | D        | Reached ***** piety under Trog
  1066 | D        | Reached XP level 8. HP: 85/85 MP: 7/7
  1084 | D        | Found a blossoming altar of Fedhas.
  1084 | D        | Found a stormy altar of Qazlal.
  1084 | D        | Found a snail-covered altar of Cheibriados.
  1084 | D        | Found a burning altar of Makhleb.
  1084 | D        | Found a shimmering altar of Xom.
  1085 | D        | Found a hazy altar of Hepliaklqana.
  1085 | D        | Found an opulent altar of Gozag.
  1085 | D        | Found a sparkling altar of Nemelex Xobeh.
  1085 | D        | Found a corrupted altar of Lugonu.
  1085 | D        | Found a viscous altar of Jiyva.
  1567 | D        | Noticed a two-headed ogre
  1577 | D        | Killed a two-headed ogre
  1701 | D        | Noticed a two-headed ogre
  1701 | D        | Noticed Erolcha
  1707 | D        | Killed Erolcha
  1707 | D        | Received a gift from Trog
  1708 | D        | Reached skill level 10 in Armour
  1708 | D        | Reached XP level 9. HP: 96/96 MP: 8/8
  1712 | D        | Killed a two-headed ogre
  1713 | D        | Reached skill level 15 in Fighting
  1713 | D        | Reached skill level 15 in Axes
  1713 | D        | Reached skill level 10 in Dodging
  1921 | D        | Noticed a wandering mushroom
  1932 | D        | Noticed a wandering mushroom
  1934 | D        | Noticed a wandering mushroom
  2090 | D        | Received a gift from Trog
  2174 | D        | Noticed a cane toad
  2174 | D        | Noticed a komodo dragon
  2174 | D        | Noticed a cane toad
  2178 | D        | Killed a cane toad
  2184 | D        | Killed a komodo dragon
  2186 | D        | Killed a cane toad
  2187 | D        | Reached XP level 10. HP: 108/108 MP: 9/9
  2430 | D        | Received a gift from Trog
  2940 | D        | Noticed a lindwurm
  2946 | D        | Killed a lindwurm
  2948 | D        | Received a gift from Trog
  3109 | D        | Noticed Urug
  3112 | D        | Paralysed by Urug for 7 turns
  3122 | D        | Killed Urug
  3436 | D        | Noticed a seven-headed hydra
  3436 | D        | Noticed a six-headed hydra
  3444 | D        | HP: 5/169 [six-headed hydra (8)]
  3445 | D        | Killed a four-headed hydra
  3446 | D        | Reached XP level 11. HP: 5/121 MP: 10/10
  3446 | D        | HP: 1/181 [five-headed hydra (5)]
  3446 | D        | Slain by a five-headed hydra

Illustrated notes

Levels and vault maps discovered:
D:        dungeon_sprint_mu [sprint_mu_entry_cave, sprint_mu_temple_rooms,
          sprint_mu_d1_spiders, sprint_mu_d2_genie, sprint_mu_d3_branching,
          sprint_mu_orc_legion, sprint_mu_elf_gauntlet, sprint_mu_hive_nellie,
          sprint_mu_lair_fedhas, sprint_mu_vaults_butterflies,
          sprint_mu_slime_circle, sprint_mu_shoals_kraken,
          sprint_mu_snake_twists, sprint_mu_blade_basic,
          sprint_mu_crypt_chambers, sprint_mu_tomb_spiral,
          sprint_mu_vestibule_basic, sprint_mu_gehenna_hellfire,
          sprint_mu_dis_giant, sprint_mu_tartarus_statrot,
          sprint_mu_cocytus_islands, sprint_mu_zot1]

Skill      XL: |  1  2  3  4  5  6  7  8  9 10 |
---------------+-------------------------------+-----
Axes           | 5 7 8 9 11 12 14 16 18 | 18.5
Fighting       | 5 7 8 9 11 12 14 16 18 | 18.5
Armour         | 3 4 5 6 7 8 10 11 13 | 13.3
Dodging        | 3 4 5 6 7 8 9 10 12 | 12.3

Action                   |  1- 3 |  4- 6 |  7- 9 | 10-12 || total
-------------------------+-------+-------+-------+-------++-------
Melee: Hand axe          |    15 |    27 |    72 |    63 ||   177
       Headbutt          |     1 |     3 |    27 |     9 ||    40
       Punch             |     1 |       |     2 |       ||     3
Invok: Berserk           |     3 |     1 |     6 |     5 ||    15
       Brothers in Arms  |       |       |     1 |       ||     1
  Use: Potion            |       |       |     1 |     1 ||     2
Armor: Animal skin       |       |       |     2 |    15 ||    17
Dodge: Dodged            |     7 |    11 |    38 |    46 ||   102
